 Dungeon Crawl Stone Soup version 0.27.1-3-gb3d3a73c9e (webtiles) character file.

Game seed: 8614384631045753465

6944 TigerRab the Grappler (level 10, -10/96 HPs)
             Began as a Troll Gladiator on Oct 15, 2021.
             Was an Initiate of Ashenzari.
             Mangled by a komodo dragon (25 damage)
             ... on level 1 of the Lair of Beasts.
             The game lasted 00:50:07 (7651 turns).

TigerRab the Grappler (Troll Gladiator)             Turns: 7651, Time: 00:50:09

Health: -10/96     AC: 12    Str: 27    XL:     10   Next: 80%
Magic:  9/9        EV:  8    Int: 13    God:    Ashenzari [......]
Gold:   74         SH: 11    Dex: 11    Spells: 8/9 levels left

rFire    . . .     SeeInvis .     - Unarmed
rCold    + . .     Faith    .   S - +3 kite shield
rNeg     . . .     Spirit   .   M - +0 acid dragon scales
rPois    .         Reflect  .   r - +1 hat {Int+3}
rElec    .         Harm     .   s - +2 cloak
rCorr    +         Rampage  .   (gloves unavailable)
Will     .....                  (boots unavailable)
Stlth    ++........             (no amulet)
HPRegen  1.26/turn              k - +6 ring of intelligence
MPRegen  0.11/turn              N - ring of flight

@: flying
A: large, unfitting armour, claws 3, regeneration 1, shaggy fur 1, tough skin 1,
cold resistance 1
a: Renounce Religion, Curse Item


You were on level 1 of the Lair of Beasts.
You worshipped Ashenzari.
Ashenzari was noncommittal.
You visited 3 branches of the dungeon, and saw 12 of its levels.
You also visited: Ossuary.

You collected 1202 gold pieces.
You spent 1128 gold pieces at shops.

Inventory:

Missiles
 c - 3 throwing nets
 d - 8 boomerangs
 f - 248 stones
 j - 5 curare-tipped darts
 m - 22 poisoned darts
 x - 4 javelins
Armour
 r - a +1 hat of intelligence (worn)
 s - a +2 cloak (worn)
 z - +0 steam dragon scales
 M - +0 acid dragon scales (worn)
 S - a +3 kite shield (worn)
 X - a +0 robe of fire resistance
Magical Staves
 q - a staff of fire
Jewellery
 k - a +6 ring of intelligence (left claw)
 p - a ring of fire
 N - a ring of flight (right claw)
Wands
 u - a wand of mindburst (2)
 B - a wand of paralysis (12)
 T - a wand of iceblast (9)
 V - a wand of polymorph (12)
 W - a wand of charming (6)
Scrolls
 a - 3 scrolls of magic mapping
 b - a scroll of amnesia
 e - 10 scrolls of identify
 g - 2 scrolls of fear
 l - 3 scrolls of teleportation
 n - 4 scrolls of noise
 F - a scroll of fog
 I - a scroll of blinking
 K - a scroll of silence
 L - 3 scrolls of holy word
 P - a scroll of torment
Potions
 h - 5 potions of heal wounds
 i - 5 potions of curing
 w - a potion of invisibility
 A - 3 potions of might
 D - a potion of attraction
 H - 2 potions of haste
 J - a potion of cancellation
 O - a potion of flight
Miscellaneous
 U - a box of beasts (inert) (quivered)


   Skills:
 * Level 5.0 Fighting
 * Level 7.4 Throwing
 * Level 5.9 Dodging
 * Level 3.1 Stealth
 * Level 1.3 Shields
 * Level 10.6 Unarmed Combat
 * Level 1.1 Transmutations


You had 8 spell levels left.
You knew the following spells:

 Your Spells              Type           Power      Damage    Failure   Level
a - Beastly Appendage     Tmut           6%         N/A       77%         1

Your spell library contained the following spells:

 Spells                   Type           Power      Damage    Failure   Level
 Sting                    Tmut/Pois      4%         1d3       85%         1
 Wereblood                Tmut           3%         N/A       88%         2
 Freeze                   Ice            0%         1d3       89%         1
 Corpse Rot               Necr/Air       N/A        N/A       96%         2
 Poisonous Vapours        Pois/Air       0%         N/A       96%         2
 Frozen Ramparts          Ice            0%         1d2       99%         3
 Gell's Gravitas          Tloc           0%         N/A       99%         3
 Lesser Beckoning         Tloc           0%         N/A       99%         3
 Spider Form              Tmut/Pois      0%         N/A       99%         3
 Teleport Other           Tloc           0%         N/A       99%         3
 Hailstorm                Conj/Ice       0%         3d3       100%        4
 Olgreb's Toxic Radiance  Pois           0%         N/A       100%        4
 Fireball                 Conj/Fire      0%         3d3       100%        5
 Freezing Cloud           Conj/Ice/Air   0%         6-21      100%        5
 Iskenderun's Battlesphe  Conj           0%         2d6       100%        5
 Conjure Ball Lightning   Conj/Air       0%         3x3d6     100%        6
 Orb of Destruction       Conj           0%         N/A       100%        7


Dungeon Overview and Level Annotations

Branches:
Dungeon (9/15)             Temple (1/1) D:5            Lair (2/6) D:9
Ossuary (visited)
  Swamp: Lair:2-4    Shoals: Lair:2-4     Snake: Lair:2-4    Spider: Lair:2-4
    Orc: D:9-12

Altars:
Ashenzari
Cheibriados
Dithmenos
Elyvilon
Fedhas
Gozag
Hepliaklqana
Kikubaaqudgha
Makhleb
Nemelex Xobeh
Qazlal
Ru
Sif Muna
Trog
Uskayaw
Vehumet
Wu Jian
Xom
Yredelemnul
Zin
The Shining One

Shops:
D:7 :   D:8 ***


Innate Abilities, Weirdness & Mutations

You are too large for most types of armour.
You have claws for hands.
Your natural rate of healing is unusually fast.
You are covered in fur. (AC +1)
You have tough skin. (AC +1)
Your flesh is cold resistant. (rC+)


Message History

The seven-headed hydra bites you!
* * * LOW HITPOINT WARNING * * *
The seven-headed hydra completely misses you.
The seven-headed hydra bites you.
* * * LOW HITPOINT WARNING * * *
The seven-headed hydra bites you!
* * * LOW HITPOINT WARNING * * *
The seven-headed hydra bites you but does no damage. x2
You block the komodo dragon's attack.
The komodo dragon bites you but does no damage.
There is a stone staircase leading down here.
You block the komodo dragon's attack. x2
You fly downwards.
There is a stone staircase leading up here.
You block the komodo dragon's attack. x2
You fly upwards.
You block the seven-headed hydra's attack.
The seven-headed hydra barely misses you.
You block the seven-headed hydra's attack.
The seven-headed hydra bites you.
* * * LOW HITPOINT WARNING * * *
The seven-headed hydra bites you but does no damage. x2
The seven-headed hydra barely misses you.
The seven-headed hydra bites you but does no damage. x2
The seven-headed hydra bites you.
* * * LOW HITPOINT WARNING * * *
The seven-headed hydra bites you but does no damage.
You block the seven-headed hydra's attack.
The seven-headed hydra bites you but does no damage.
The seven-headed hydra bites you.
* * * LOW HITPOINT WARNING * * *
Ashenzari invites you to partake of a vision and a curse of cunning and beguiling.
There is a stone staircase leading down here.
Non-targeted evoke: box of beasts
Press: ? - help, Q - select action, (/) - cycle Dir - look around, f - activate You open the lid... ...and a larval stingfire beast leaps out!
The box is emptied!
The komodo dragon bites you!!
You die...

#.....###
#####....##
###..#....#.#
##........#.##
#..........##
#...........#
#...........##
#l.H.........##
##.@D..........#
#.l............#
##...........##.#
#.....#####.....
#....##.#.#.....
#...##....##....
##.....# #...
###...# ... ##((#


You could see a seven-headed hydra (ally target), 2 komodo dragons and a
friendly larval stingfire beast (summoned).

Vanquished Creatures
  Gastronok (D:8)
  Joseph (D:8)
  A komodo dragon (D:9)
  2 wraiths
  5 yaks (D:8)
  A wyvern (D:9)
  2 steam dragons
  A water moccasin (Lair:1)
  An acid dragon (D:9)
  2 sky beasts
  3 black bears
  5 orc warriors
  A necrophage (D:6)
  3 ice beasts
  2 ogres
  3 centaurs
  4 kobold brigands
  A bullfrog (D:7)
  A scorpion (D:6)
  A water moccasin skeleton (D:4)
  5 wights
  A howler monkey (D:7)
  A bullfrog zombie (D:5)
  3 hounds
  A gnoll shaman (D:9)
  4 orc priests
  2 bullfrog skeletons (D:4)
  6 orc wizards
  A killer bee zombie (D:7)
  2 hound skeletons
  3 mummies (Ossuary)
  2 howler monkey skeletons (D:6)
  2 howler monkey zombies
  3 gnolls (D:9)
  6 adders
  A white imp (D:5)
  An ufetubus (D:6)
  4 worms
  3 dart slugs
  23 orcs
  4 bats
  6 endoplasms
  5 giant cockroaches
  2 gnoll zombies (Ossuary)
  5 goblins
  8 hobgoblins
  6 jackals
  A quokka (D:5)
  5 ball pythons
  A frilled lizard (D:2)
  2 goblin zombies (Ossuary)
  2 hobgoblin zombies (Ossuary)
  20 kobolds
  5 kobold zombies (Ossuary)
  3 rats
190 creatures vanquished.

Vanquished Creatures (others)
  2 fungi (D:9)
  11 plants (D:9)
13 creatures vanquished.

Grand Total: 203 creatures vanquished

Notes
Turn   | Place    | Note
-------+----------+-------------------------------------------
     0 | D:1      | TigerRab the Troll Gladiator began the quest for the Orb.
     0 | D:1      | Reached XP level 1. HP: 19/19 MP: 0/0
   398 | D:1      | Reached XP level 2. HP: 28/28 MP: 1/1
   412 | D:1      | Found a faded altar of an unknown god.
   786 | D:2      | Reached XP level 3. HP: 35/35 MP: 2/2
   927 | D:2      | Reached XP level 4. HP: 16/42 MP: 3/3
  1916 | D:3      | Reached skill level 4 in Unarmed Combat
  2062 | D:3      | Gained mutation: Your muscles are strong. (Str +2) [potion
                  | of mutation]
  2062 | D:3      | Gained mutation: Your system is resistant to poisons.
                  | (rPois) [potion of mutation]
  2062 | D:3      | Gained mutation: You possess an exceptional clarity of
                  | mind. [potion of mutation]
  2063 | D:3      | Lost mutation: Your muscles are strong. (Str +2) [potion of
                  | mutation]
  2063 | D:3      | Lost mutation: You possess an exceptional clarity of mind.
                  | [potion of mutation]
  2063 | D:3      | Gained mutation: You passively map a small area around you.
                  | [potion of mutation]
  2105 | D:4      | Reached XP level 5. HP: 38/49 MP: 4/4
  2263 | D:4      | Found a hazy altar of Hepliaklqana.
  2533 | D:4      | Noticed a black bear
  2543 | D:4      | Killed a black bear
  2544 | D:4      | Reached XP level 6. HP: 44/58 MP: 5/5
  2736 | D:5      | Entered Level 5 of the Dungeon
  2736 | D:5      | Noticed a sky beast
  2752 | D:5      | Killed a sky beast
  2753 | D:5      | Reached skill level 5 in Unarmed Combat
  2815 | D:5      | Found a staircase to the Ecumenical Temple.
  2826 | Temple   | Entered the Ecumenical Temple
  2976 | Temple   | Became a worshipper of Ashenzari the Shackled
  3015 | D:5      | Reached skill level 1 in Stealth
  3055 | D:5      | Identified the +1 leather armour of Ozxyprai {Rampage
                  | +Blink rC+ Will- SInv}
  3071 | D:5      | Reached XP level 7. HP: 64/66 MP: 6/6
  3245 | D:5      | Identified a scroll of acquirement
  3814 | D:6      | Found a glowing golden altar of the Shining One.
  3824 | D:6      | Reached skill level 6 in Unarmed Combat
  3951 | D:6      | Reached XP level 8. HP: 69/74 MP: 7/7
  4587 | D:7      | Reached skill level 5 in Throwing
  4835 | D:7      | Found Tiot's Book Emporium.
  4874 | D:7      | Reached skill level 7 in Unarmed Combat
  4914 | D:7      | Learned a level 1 spell: Beastly Appendage
  5225 | D:7      | Reached XP level 9. HP: 47/83 MP: 8/8
  5320 | D:8      | Noticed Joseph
  5352 | D:8      | Killed Joseph
  5353 | D:8      | Reached skill level 8 in Unarmed Combat
  5355 | D:8      | Acquired 806 gold pieces
  5416 | D:8      | Reached skill level 5 in Dodging
  5468 | D:8      | Noticed Gastronok
  5481 | D:8      | Killed Gastronok
  5482 | D:8      | Reached skill level 9 in Unarmed Combat
  5482 | D:8      | Reached XP level 10. HP: 87/94 MP: 9/9
  5559 | D:8      | Reached skill level 10 in Unarmed Combat
  5592 | D:8      | Found a sand-covered staircase.
  5597 | Ossuary  | Entered an ossuary
  6182 | D:8      | Found Paprowk's General Store.
  6280 | D:8      | Lost mutation: You passively map a small area around you.
                  | [potion of mutation]
  6280 | D:8      | Lost mutation: Your system is resistant to poisons. (rPois)
                  | [potion of mutation]
  6280 | D:8      | Gained mutation: Your flesh is cold resistant. (rC+)
                  | [potion of mutation]
  6480 | D:8      | Found Jyiwnown's Assorted Antiques.
  6483 | D:8      | Bought a box of beasts for 880 gold pieces
  6483 | D:8      | Bought a lead wand for 88 gold pieces
  6483 | D:8      | Bought a glass wand for 88 gold pieces
  6558 | D:8      | Found Tesch's General Store.
  6561 | D:8      | Bought a wand of mindburst (2) for 72 gold pieces
  6683 | D:9      | Found a white marble altar of Elyvilon.
  7151 | D:9      | Found an ancient bone altar of Kikubaaqudgha.
  7249 | D:9      | Found a hide-covered altar of Uskayaw.
  7412 | D:9      | Reached skill level 1 in Shields
  7412 | D:9      | Reached skill level 1 in Transmutations
  7447 | D:9      | Found a staircase to the Lair.
  7464 | D:9      | Reached skill level 5 in Fighting
  7474 | Lair:1   | Entered Level 1 of the Lair of Beasts
  7633 | Lair:1   | Noticed a seven-headed hydra
  7639 | Lair:1   | HP: 3/96 [seven-headed hydra (6)]
  7651 | Lair:1   | Mangled by a komodo dragon

Illustrated notes

Levels and vault maps discovered:
D:1:      dpeg_arrival_water_fire, layout_basic,
          hellmonk_ecumenical_altar_crossroads
D:2:      layout_basic
D:3:      layout_loops_ring, chequers_mini_garden
D:4:      layout_rooms, worldfamousw_hep_ancestral_shrine
D:5:      layout_cave_pools, minmay_temple_entry_statues,
          minmay_misc_feat_encased
D:6:      layout_layer_cave, mainiacjoe_overflow_concentric_impassable
D:7:      layout_loops_ring, serial_shops, nicolae_shop_statue_plus
D:8:      layout_loops_ring, enter_ossuary_2, serial_shops, nicolae_shop_trees,
          nicolae_shop_behind_doors, nicolae_shop_window_shopping, uniq_joseph,
          uniq_gastronok
D:9:      layout_irregular_city, mainiacjoe_overflow_brackets,
          mainiacjoe_overflow_swirl, david_lair_shrubbed,
          ebering_ghost_funeral_grove, minmay_increasing_density
Temple:   lightli_temple_of_artemis
Lair:1:   layout_cave_pods, ebering_ghost_inner_flame, beast_lair_carwin_11
Lair:2:   layout_gridlike, beast_lair_carwin_6

Skill      XL: |  1  2  3  4  5  6  7  8  9 10 |
---------------+-------------------------------+-----
Throwing       | 2 3 4 5 6 7 |  7.4
Dodging        | 3 4 5 |  5.9
Fighting       | 2 3 4 5 |  5.0
Unarmed Combat | 4 5 6 7 9 10 | 10.6
Stealth        | 1 2 3 |  3.1
Shields        | 1 |  1.3
Transmutations | 1 |  1.1

Action                   |  1- 3 |  4- 6 |  7- 9 | 10-12 || total
-------------------------+-------+-------+-------+-------++-------
Melee: Unarmed           |    89 |   118 |   225 |   158 ||   590
       Dagger            |     2 |       |       |       ||     2
       Punch             |       |     2 |     7 |     2 ||    11
       Kick              |       |       |     4 |       ||     4
       Headbutt          |       |       |     1 |       ||     1
Throw: Stone             |    40 |   138 |   106 |   106 ||   390
       Dart              |       |       |     6 |     1 ||     7
       Boomerang         |       |       |       |     3 ||     3
 Cast: Beastly Appendage |       |       |     2 |       ||     2
Evoke: Box of beasts     |       |       |       |     1 ||     1
  Use: Potion            |       |     5 |       |     2 ||     7
       Scroll            |       |     3 |     1 |     5 ||     9
 Stab: Sleeping          |       |       |       |     2 ||     2
Armor: Robe              |    38 |    29 |    49 |       ||   116
       Steam dragon scal |       |       |    24 |    18 ||    42
       Skin              |       |       |     2 |       ||     2
       Acid dragon scale |       |       |       |    51 ||    51
Dodge: Dodged            |    56 |    51 |    81 |    54 ||   242
Block: Kite shield       |       |       |       |    60 ||    60
